 Dungeon Sprint DCSS version 0.27.1-33-g824d729ab1 (webtiles) character file.

Game seed: 2460269408166942080

601 Adenis the Fighter (level 7, -4/112 HPs)
             Began as a Minotaur Berserker on Dec 4, 2021.
             Was a Priest of Trog.
             Succumbed to Sonja's poison
             ... in the Dungeon (Sprint I: "Red Sonja").
             The game lasted 00:01:46 (1163 turns).

Adenis the Fighter (Minotaur Berserker)             Turns: 1163, Time: 00:01:46

Health: -4/112     AC:  4    Str: 23    XL:     7   Next: 18%
Magic:  6/6        EV: 13    Int:  4    God:    Trog [***...]
Gold:   417        SH:  0    Dex: 10    Spells: 6/6 levels left

rFire    . . .     SeeInvis .   i - +3 club
rCold    . . .     Faith    .   (no shield)
rNeg     . . .     Spirit   .   j - +1 leather armour {rPois}
rPois    +         Reflect  .   (helmet restricted)
rElec    .         Harm     .   (no cloak)
rCorr    .         Rampage  .   (no gloves)
Will     .....     NoTele   +   (no boots)
Stlth    ..........             (no amulet)
HPRegen  0.28/turn              (no ring)
MPRegen  0.10/turn              (no ring)

@: berserking, lethally poisoned (-4 -> -40), very quick
A: horns 2, retaliatory headbutt
a: Renounce Religion, Berserk, Trog's Hand


You were in the Dungeon.
You worshipped Trog.
Trog was most pleased with you.
You visited 1 branch You collected 417 gold pieces.

Inventory:

Hand Weapons
 a - a +0 falchion
 i - a +3 club (weapon)
Armour
 b - a +0 animal skin
 j - a +1 leather armour of poison resistance (worn)
Scrolls
 h - a scroll of blinking
Potions
 c - 2 potions of curing
 d - a potion of heal wounds
 e - a potion of haste
 f - 2 potions of magic
 g - a potion of berserk rage
 k - a potion of degeneration {unknown}


   Skills:
 + Level 11.7 Fighting
 + Level 11.3 Long Blades
 + Level 2.0 Maces & Flails
 + Level 6.3 Armour
 + Level 7.1 Dodging
 + Level 0.8 Stealth


You had 6 spell levels left.
You didn't know any spells.
Your spell library was empty.

Dungeon Overview and Level Annotations

Branches:
Dungeon (1/1)

Altars:
Cheibriados
Dithmenos
Elyvilon
Fedhas
Gozag
Hepliaklqana
Kikubaaqudgha
Makhleb
Nemelex Xobeh
Okawaru
Qazlal
Ru
Sif Muna
Trog
Uskayaw
Vehumet
Wu Jian
Xom
Yredelemnul
Zin
The Shining One
Jiyva
Lugonu

Shops:
D (

Annotations:
D Sonja


Innate Abilities, Weirdness & Mutations

You have a pair of horns on your head.
You reflexively headbutt those who attack you in melee.


Message History

You are more poisoned.
Sonja hits you with a +1 dagger of venom.
You sock Sonja! Your headbutt misses Sonja.
Sonja is moderately wounded.
You feel extremely sick.
Sonja hits you with a +1 dagger of venom!
Sonja hits you but does no damage.
You are more poisoned.
Sonja hits you with a +1 dagger of venom.
You closely miss Sonja.
Sonja is moderately wounded.
You feel extremely sick.
Sonja casts a spell.
Sonja blinks!
You feel extremely sick.
You miss Sonja. Your headbutt misses Sonja.
Sonja is moderately wounded.
* * * LOW HITPOINT WARNING * * *
You feel extremely sick. Sonja hits you but does no damage.
Sonja barely misses you.
Sonja hits you with a +1 dagger of venom.
* * * LOW HITPOINT WARNING * * *
You are more poisoned.
You completely miss Sonja. Your headbutt misses Sonja.
Sonja is moderately wounded.
* * * LOW HITPOINT WARNING * * *
You feel very sick.
Sonja hits you with a +1 dagger of venom.
* * * LOW HITPOINT WARNING * * *
You are more poisoned.
Sonja hits you with a +1 dagger of venom.
* * * LOW HITPOINT WARNING * * *
Sonja barely misses you.
You completely miss Sonja. Your headbutt misses Sonja.
Sonja is moderately wounded.
* * * LOW HITPOINT WARNING * * *
You feel extremely sick.
Sonja gestures wildly while chanting.
Sonja blinks!
You die...

#<.#..)..#..'..#__#..+
#..'..#..').#..'..'..#
#..#####'#####'#__####
#..####..#...#.####
#..#__####..##.#
#..#_____##'#_.+
#⌠⌠#_.∩...'..._#
####_..__##K.#'#
#_____###@#(# #######
#.### +$§$+ #$.$#
##.## #+#


You could see Sonja.

Vanquished Creatures
  A slime creature (D)
  Sigmund (D)
  A yak (D)
  An ogre (D)
  A jelly (D)
  Ijyb (D)
6 creatures vanquished.

Vanquished Creatures (others)
  A gargoyle (D)
1 creature vanquished.

Grand Total: 7 creatures vanquished

Notes
Turn   | Place    | Note
-------+----------+-------------------------------------------
     0 | D        | Adenis the Minotaur Berserker began the quest for the Orb.
     0 | D        | Reached XP level 1. HP: 19/19 MP: 0/0
     2 | D        | Noticed Ijyb
     9 | D        | Killed Ijyb
    10 | D        | Reached skill level 5 in Fighting
    10 | D        | Reached skill level 5 in Long Blades
    10 | D        | Reached XP level 2. HP: 19/29 MP: 1/1
   282 | D        | Noticed an ogre
   286 | D        | Killed an ogre
   287 | D        | Reached XP level 3. HP: 40/40 MP: 2/2
   287 | D        | Reached XP level 4. HP: 48/48 MP: 3/3
   300 | D        | Noticed Sigmund
   314 | D        | Killed Sigmund
   314 | D        | Reached ** piety under Trog
   315 | D        | Reached skill level 5 in Armour
   315 | D        | Reached skill level 5 in Dodging
   315 | D        | Reached XP level 5. HP: 22/58 MP: 4/4
   612 | D        | Found an ornate altar of the Wu Jian Council.
   612 | D        | Found a shimmering blue altar of Sif Muna.
   614 | D        | Found a radiant altar of Vehumet.
   618 | D        | Reached skill level 10 in Fighting
   618 | D        | Reached XP level 6. HP: 66/66 MP: 5/5
   678 | D        | Found Esuzey's Antique Weapon Emporium.
   678 | D        | Found an ancient bone altar of Kikubaaqudgha.
   678 | D        | Found a hazy altar of Hepliaklqana.
   678 | D        | Found a stormy altar of Qazlal.
   678 | D        | Found a hide-covered altar of Uskayaw.
   678 | D        | Found a blossoming altar of Fedhas.
   678 | D        | Found a bloodstained altar of Trog.
   678 | D        | Found an iron altar of Okawaru.
   678 | D        | Found a basalt altar of Yredelemnul.
   678 | D        | Found a glowing golden altar of the Shining One.
   678 | D        | Found a snail-covered altar of Cheibriados.
   678 | D        | Found a sacrificial altar of Ru.
   678 | D        | Found a glowing silver altar of Zin.
   678 | D        | Found a shadowy altar of Dithmenos.
   678 | D        | Found a white marble altar of Elyvilon.
   678 | D        | Noticed a yak
   683 | D        | Killed a yak
   684 | D        | Reached skill level 10 in Long Blades
   684 | D        | Found an opulent altar of Gozag.
   684 | D        | Killed a gargoyle
   685 | D        | Found a sparkling altar of Nemelex Xobeh.
   828 | D        | Found a burning altar of Makhleb.
   828 | D        | Found a viscous altar of Jiyva.
   828 | D        | Found a shimmering altar of Xom.
   828 | D        | Found a corrupted altar of Lugonu.
   828 | D        | Noticed a slime creature
   842 | D        | Killed a slime creature
   842 | D        | Reached *** piety under Trog
   843 | D        | Reached XP level 7. HP: 35/75 MP: 6/6
  1154 | D        | Noticed Sonja
  1162 | D        | HP: 2/112 [poisoned by Sonja]
  1163 | D        | Succumbed to Sonja's poison

Illustrated notes

Levels and vault maps discovered:
D:        dungeon_sprint_1 [red_sonja_temple_1, red_sonja_temple_small_1]

Skill      XL: |  1  2  3  4  5  6 |
---------------+-------------------+-----
Fighting       | 5 7 9 10 11 | 11.7
Long Blades    | 5 7 9 11 | 11.3
Armour         | 3 4 5 6 |  6.3
Dodging        | 3 4 5 7 |  7.1
Maces & Flails | 2 |  2.0
Stealth        | |  0.8

Action                   |  1- 3 |  4- 6 |  7- 9 || total
-------------------------+-------+-------+-------++-------
Melee: Falchion          |     4 |       |       ||     4
       Headbutt          |     3 |     6 |       ||     9
       Club              |     3 |    28 |     5 ||    36
Invok: Berserk           |     2 |     2 |     1 ||     5
Armor: Leather armour    |       |     4 |     2 ||     6
Dodge: Dodged            |     2 |    20 |     4 ||    26
